 Dungeon Crawl Stone Soup version 0.31-a0-1098-g6898e6545c (webtiles) character file.

Game seed: 5976332328035870912

480 HessuHobo the Trooper (level 6, -3/56 HPs)
             Began as a Draconian Fighter on Nov 30, 2023.
             Engulfed by a cloud of flame (12 damage)
             ... on level 5 of the Dungeon.
             The game lasted 00:11:56 (4696 turns).

HessuHobo the Trooper (Draconian Fighter)           Turns: 4696, Time: 00:11:57

Health: -3/56      AC:  6    Str: 20    XL:     6   Next: 86%
Magic:  7/7        EV: 12    Int:  8    God:
Gold:   263        SH:  5    Dex: 11    Spells: 7/7 levels left

rFire   . . .        n - +2 dagger (speed)
rCold   . . .        b - +0 buckler
rNeg    . . .        (body armour unavailable)
rPois   .            (helmet restricted)
rElec   .            (no cloak)
rCorr   +            (no gloves)
SInv    .            (no boots)
Will    .....        (no amulet)
Stlth   ++           l - ring of resist corrosion
HPRegen 0.29/turn    (no ring)
MPRegen 0.10/turn

%: no passive effects
@: no status effects
A: AC +6, unfitting armour, cold-blooded
a: no special abilities


You were on level 5 of the Dungeon.
You visited 1 branch of the dungeon, and saw 5 of its levels.

You collected 263 gold pieces.

Inventory:

Hand Weapons
 a - a +0 trident
 n - a +2 dagger of speed (weapon)
 u - a +2 flail of draining
 y - a +2 dagger of electrocution
Missiles
 r - 2 boomerangs (quivered)
Armour
 b - a +0 buckler (worn)
Jewellery
 l - a ring of resist corrosion (left hand)
 q - a ring of ice
Scrolls
 d - a scroll of immolation
 e - 3 scrolls of enchant armour
 g - a scroll of butterflies
 h - a scroll of fear {unknown}
 i - a scroll of poison {unknown}
 m - a scroll of vulnerability {unknown}
 o - a scroll of teleportation {unknown}
 s - a scroll of amnesia {unknown}
 v - a scroll of blinking {unknown}
Potions
 c - 2 potions of might
 f - 2 potions of brilliance
 j - 3 potions of degeneration
 k - 4 potions of curing
 p - a potion of heal wounds
 w - a potion of experience {unknown}
 x - a potion of attraction {unknown}
 z - a potion of berserk rage {unknown}


   Skills:
 - Level 5.0 Fighting
 + Level 3.0 Short Blades
 - Level 2.0 Polearms
 + Level 4.0 Dodging
 - Level 2.0 Stealth
 + Level 4.4 Shields
 - Level 1.0 Spellcasting


You had 7 spell levels left.
You didn't know any spells.
Your spell library contained the following spells:

 Spells                   Type           Power      Damage    Failure   Level
 Necrotise                Necr           0%         1d4       43%         1
 Ignite Poison            Fire/Tmut/Pois 0%         N/A       82%         3
 Vampiric Draining        Necr           0%         2d6       82%         3
 Sticky Flame             Conj/Fire      0%         2d3       99%         4
 Agony                    Necr           0%         N/A       100%        5
 Conjure Ball Lightning   Conj/Air       0%         3x3d6     100%        6
 Discord                  Hex            0%         N/A       100%        8
 Disjunction              Tloc           0%         N/A       100%        8
 Ignition                 Fire           0%         3d3       100%        8


Dungeon Overview and Level Annotations

Branches:
Dungeon (5/15)
 Temple: D:4-7

Altars:
Ashenzari
Dithmenos
Hepliaklqana
Makhleb
Nemelex Xobeh


Innate Abilities, Weirdness & Mutations

Your plain brown scales are hard. (AC +6)
You cannot fit into any form of body armour.
You are cold-blooded and may be slowed by cold attacks.


Message History

Your Spellcasting skill increases to level 1!
You start resting.
HP restored.
z - a sapphire potion You open the door.
There is an open door here.
There is an open door here.
Found 8 stones.
As you read the scroll of identify, it crumbles to dust.
g - a scroll of butterflies You open the door.
An ogre comes into view. It is wielding a +0 giant club.
The ogre shouts!
You hear a bark!
As you read the scroll of immolation, it crumbles to dust.
The creatures around you are filled with an inner flame!
You hit the ogre.
Flame seeps out of the ogre. x2; You tail-slap the ogre.
The ogre is moderately wounded.
The ogre is engulfed in blazing flames.
Flame seeps out of the ogre.
You block the ogre's attack.
A hound comes into view.
The ogre is engulfed in blazing flames.
Flame seeps out of the ogre.
The ogre attacks as it pursues you! The ogre misses you.
You barely miss the ogre.
You tail-slap the ogre, but do no damage.
The ogre is almost dead.
The ogre barely misses you.
The hound pauses to sniff the ground.
The ogre hits you with a +0 giant club!!
The hound misses you.
You hit the ogre.
Flame seeps out of the ogre.
The ogre is almost dead.
The hound barely misses you.
You hit the ogre.
The ogre explodes!
The fiery explosion engulfs you!!
* * * LOW HITPOINT WARNING * * *
The fiery explosion engulfs the hound!!!
You kill the hound!
You are engulfed in blazing flames.
You die...

....#.....+ ..h.# ...
....#.....# ...# ....
....#....# +##########'##.....
....#...>##..#...............#
....#....##..#...............#
....#.....#..#...............#
....'.....+..+..§§§..........+
....#.#####.##..§○§....(.....#
...##.##.##.#...@#############
...#...#....#....#
...#...#....#....#
...#...#....'....#
...'...#....#>.<.#
...#####'####....#
......##..#....###
......'...+....#
......#...#....#


There were no monsters in sight!

Vanquished Creatures
  An ogre (D:5)
  A phantom (D:5)
  A scorpion (D:4)
  2 hounds
  An orc priest (D:3)
  Terence (D:2)
  Natasha (D:2)
  An iguana (D:5)
  2 orc wizards
  4 adders
  2 ufetubi (D:5)
  A worm (D:4)
  2 dart slugs
  10 orcs
  6 ball pythons
  7 bats
  8 endoplasms
  A giant cockroach (D:3)
  13 goblins
  10 hobgoblins
  3 jackals (D:1)
  8 kobolds
  6 quokkas
  3 frilled lizards
  10 rats
105 creatures vanquished.

Notes
Turn   | Place    | Note
-------+----------+-------------------------------------------
     0 | D:1      | HessuHobo the Draconian Fighter began the quest for the
                  | Orb.
     0 | D:1      | Reached XP level 1. HP: 19/19 MP: 1/1
   135 | D:1      | Reached skill level 1 in Stealth
   336 | D:1      | Reached XP level 2. HP: 26/26 MP: 2/2
   515 | D:1      | Reached skill level 4 in Fighting
   624 | D:1      | Reached XP level 3. HP: 33/33 MP: 3/3
  1544 | D:2      | Noticed Terence
  1753 | D:3      | Reached XP level 4. HP: 41/41 MP: 4/4
  1796 | D:3      | Reached skill level 1 in Short Blades
  1954 | D:3      | Found a sparkling altar of Nemelex Xobeh.
  1958 | D:3      | Found a broken altar of Ashenzari.
  1963 | D:3      | Found a shadowy altar of Dithmenos.
  2019 | D:3      | Reached XP level 5. HP: 36/47 MP: 5/5
  2270 | D:3      | Found a burning altar of Makhleb.
  2271 | D:3      | Found a hazy altar of Hepliaklqana.
  2797 | D:2      | Noticed Natasha
  2814 | D:2      | Killed Natasha
  2997 | D:2      | Killed Terence
  3256 | D:4      | Reached skill level 5 in Fighting
  3459 | D:4      | Reached XP level 6. HP: 21/56 MP: 6/6
  4344 | D:5      | Entered Level 5 of the Dungeon
  4554 | D:5      | Reached skill level 1 in Spellcasting
  4696 | D:5      | Engulfed by a cloud of flame

Illustrated notes

Levels and vault maps discovered:
D:1:      saegor_arrival_fortress, layout_basic
D:2:      layout_rooms, uniq_terence, uniq_natasha
D:3:      layout_basic, chequers_temple_overflow_statue_of_worship,
          nicolae_overflow_hidden_temple, minmay_statues_item,
          hangedman_decor_clover_reticule
D:4:      wander_river, layout_loops_ring, kennysheep_generic_room_14
D:5:      layout_gridville, mrwooster_statue_mirror, item_on_display_a

Skill      XL: |  1  2  3  4  5  6 |
---------------+-------------------+-----
Stealth        | 1 2 |  2.0
Fighting       | 4 5 |  5.0
Short Blades   | 1 2 3 |  3.0
Dodging        | 3 4 |  4.0
Shields        | 4 |  4.4
Spellcasting   | 1 |  1.0
Polearms       | |  2.0

Action                     |  1- 3 |  4- 6 || total
---------------------------+-------+-------++-------
  Melee: Trident           |    73 |       ||    73
         Tailslap          |     8 |    48 ||    56
         Dagger            |    71 |   303 ||   374
  Throw: Boomerang         |       |     8 ||     8
    Use: Scroll            |     4 |     4 ||     8
         Potion            |       |     1 ||     1
   Stab: Sleeping          |     4 |     3 ||     7
         Distracted        |     1 |       ||     1
 Armour: Skin              |    42 |   151 ||   193
  Dodge: Dodged            |    58 |   102 ||   160
  Block: Buckler           |    24 |    53 ||    77

Table legend: (Time is in decaauts)
 A = Elapsed time spent in this place.
 B = Non-inter-level travel time spent in this place.
 C = Inter-level travel time spent in this place.
 D = Time resting spent in this place.
 E = Time spent auto-exploring this place.
 F = Levels seen in this place.
 G = Mean time per level.
                   A        B        C        D        E       F      G
               +--------+--------+--------+--------+--------+-----+--------+
         Total |   4623 |   4315 |    308 |   1369 |   2186 |   5 |  924.6 |
       Dungeon |   4623 |   4315 |    308 |   1369 |   2186 |   5 |  924.6 |
               +--------+--------+--------+--------+--------+-----+--------+

Top non-repeatable levels by time:
     D:3: 1222 daAuts
     D:4: 1152 daAuts
     D:1: 1139 daAuts
     D:2: 789 daAuts
     D:5: 321 daAuts
